 Dungeon Crawl Stone Soup version 0.21-a0-128-gf2b353c (webtiles) character file.

1446 AvylaarBelgium the Thaumaturge (level 8, -9/41 HPs)
             Began as a Deep Elf Ice Elementalist on July 17, 2017.
             Was a Priest of Vehumet.
             Shot with a sling bullet by Joseph (16 damage)
             ... on level 7 of the Dungeon.
             The game lasted 00:15:56 (5875 turns).

AvylaarBelgium the Thaumaturge (DEIE)               Turns: 5875, Time: 00:16:04

Health: -9/41      AC:  4    Str:  5    XL:     8   Next: 46%
Magic:  10/22      EV: 15    Int: 23    God:    Vehumet [***...]
Gold:   333        SH:  0    Dex: 15    Spells: 12/23 levels left

rFire    . . .     SeeInvis .   J - +3 falchion
rCold    . . .     Gourm    .   (no shield)
rNeg     . . .     Faith    .   a - +0 robe
rPois    +         Spirit   .   z - +0 helmet
rElec    .         Reflect  .   (no cloak)
rCorr    .         Harm     .   (no gloves)
MR       .....                  s - +0 pair of boots
Stlth    ++........             (no amulet)
HPRegen  0.13/turn              v - +2 ring of evasion
MPRegen  0.18/turn              B - ring of poison resistance

@: very slightly contaminated
A: no striking features
a: Renounce Religion


You were on level 7 of the Dungeon.
You worshipped Vehumet.
Vehumet was most pleased with you.
You were very hungry.

You visited 1 branch of the dungeon, and saw 7 of its levels.

You collected 333 gold pieces.

Inventory:

Hand Weapons
 J - a +3 falchion (weapon)
 K - a cursed -3 morningstar
Armour
 a - a +0 robe (worn)
 s - a +0 pair of boots (worn)
 y - a +0 leather armour
 z - a +0 helmet (worn)
 A - a +0 helmet
 I - a +0 shield
Jewellery
 v - a +2 ring of evasion (left hand)
 B - a ring of poison resistance (right hand)
Wands
 F - a wand of paralysis (10/24)
Scrolls
 d - 5 scrolls of fear {unknown}
 e - a scroll of teleportation {unknown}
 f - 2 scrolls of remove curse {unknown}
 h - 3 scrolls of amnesia
 k - a scroll of fog
 l - a scroll of enchant armour
 o - 5 scrolls of immolation {unknown}
 r - a scroll of magic mapping {unknown}
 C - a scroll of noise {unknown}
 D - a scroll of recharging
 E - a scroll of vulnerability
Potions
 g - 2 potions of flight
 j - 3 potions of might {unknown}
 m - a potion of haste
 n - a potion of resistance
 p - 4 potions of curing {unknown}
 t - 2 potions of brilliance
 u - a potion of agility
 w - a potion of mutation {unknown}
 x - a potion of cancellation {unknown}
 G - a potion of ambrosia {unknown}
 H - 2 potions of heal wounds {unknown}
Books
 b - a book of Frost

   Spells                             Type                      Level
   a - Freeze                         Ice                          1
   b - Throw Frost                    Conjuration/Ice              2
   c - Ozocubu's Armour               Charms/Ice                   3
   d - Throw Icicle                   Conjuration/Ice              4
   e - Summon Ice Beast               Ice/Summoning                4
Comestibles
 c - 3 bread rations
 i - 5 meat rations
 q - a royal jelly


   Skills:
 - Level 1.1 Armour
 - Level 2.4 Dodging
 - Level 2.4 Stealth
 + Level 8.1 Spellcasting
 - Level 1.1 Conjurations
 * Level 6.9 Summonings
 + Level 7.0 Ice Magic


You had 12 spell levels left.
You knew the following spells:

 Your Spells              Type           Power        Failure   Level  Hunger
a - Freeze                Ice            ####         1%          1    None
b - Throw Frost           Conj/Ice       ####..       1%          2    None
c - Throw Icicle          Conj/Ice       ####....     3%          4    ###....
d - Summon Ice Beast      Ice/Summ       #####...     3%          4    ###....


Dungeon Overview and Level Annotations

Branches:
Dungeon (7/15)             Temple (0/1) D:6

Altars:
Nemelex Xobeh
Qazlal
Trog
Vehumet

Annotations:
D:4 1 exclusion
D:7 Joseph


Message History

Things that are here:
a robe; a long sword
Casting: Summon Ice Beast
Confirm with . or Enter, or press ? or * to list all spells.
You miscast Summon Ice Beast.
You are very lightly contaminated with residual magic.
The world appears momentarily distorted.
Joseph drinks a potion.
Joseph seems to speed up.
Unknown command.
Casting: Summon Ice Beast
Confirm with . or Enter, or press ? or * to list all spells.
A chill wind blows around you.
Joseph shoots a sling bullet.
The sling bullet hits you!
Casting: Summon Ice Beast
Confirm with . or Enter, or press ? or * to list all spells.
A chill wind blows around you.
Joseph shoots a sling bullet.
The sling bullet hits you!
* * * LOW HITPOINT WARNING * * *
Joseph shoots a sling bullet.
The sling bullet hits you!
You die...

#..(..........
#.###.##.##.#.
#[##.# # .. #[#
..
.(..###.#####.#
#..........#
#.##.#.##### #
#.#Y###### #
#.#@##...
#.##[#.##.###
#....Y[@.!..###.#
#......).(Y......
#.##...†....).@.#
#. ####<..>..##.#
. #......... ##
#[#.#####.# #.#.#
#


You could see Joseph and 2 friendly ice beasts.

Vanquished Creatures
  A human (D:6)
  A centaur (D:5)
  A centaur zombie (D:5)
  2 crimson imps
  2 hounds (D:5)
  A jelly (D:5)
  An iguana (D:6)
  3 worker ants
  Robin (D:3)
  9 adders
  2 gnolls (D:6)
  A shadow imp (D:6)
  2 oozes (D:1)
  6 worms
  A dart slug (D:2)
  4 leopard geckos
  8 orcs
  5 bats
  8 giant cockroaches
  15 goblins
  11 hobgoblins
  3 jackals (D:2)
  3 quokkas
  A ball python (D:5)
  8 frilled lizards
  8 kobolds
  A leopard gecko skeleton (D:4)
  9 rats
118 creatures vanquished.

Vanquished Creatures (collateral kills)
  3 humans (D:6)
  An ice beast (D:6)
  A sky beast (D:5)
  2 ogres
  A phantom (D:5)
  Blork the orc (D:4)
  A gnoll sergeant (D:6)
  A scorpion (D:6)
  5 wights (D:7)
  A crimson imp (D:5)
  2 worker ants (D:4)
  2 gnolls (D:6)
  A howler monkey skeleton (D:5)
  2 adders
  A shadow imp (D:5)
25 creatures vanquished.

Grand Total: 143 creatures vanquished

Notes
Turn   | Place    | Note
-------+----------+-------------------------------------------
     0 | D:1      | AvylaarBelgium the Deep Elf Ice Elementalist began the quest for the Orb.
     0 | D:1      | Reached XP level 1. HP: 10/10 MP: 6/6
   150 | D:1      | Reached XP level 2. HP: 11/15 MP: 3/8
   229 | D:1      | Learned a level 2 spell: Throw Frost
   336 | D:1      | Reached skill level 4 in Spellcasting
   563 | D:1      | Reached XP level 3. HP: 17/19 MP: 6/10
   719 | D:2      | Found a radiant altar of Vehumet.
   746 | D:2      | Became a worshipper of Vehumet
  1493 | D:2      | Reached XP level 4. HP: 24/24 MP: 4/12
  1807 | D:3      | Reached * piety under Vehumet
  1807 | D:3      | Offered knowledge of Sting by Vehumet.
  1902 | D:3      | Noticed Robin
  2007 | D:3      | Reached skill level 5 in Spellcasting
  2301 | D:3      | Learned a level 4 spell: Throw Icicle
  2306 | D:3      | Learned a level 4 spell: Summon Ice Beast
  2420 | D:3      | Reached skill level 5 in Ice Magic
  2656 | D:3      | Reached XP level 5. HP: 26/28 MP: 7/14
  2858 | D:3      | Offered knowledge of Shock by Vehumet.
  2862 | D:3      | Killed Robin
  2862 | D:3      | Reached ** piety under Vehumet
  2862 | D:3      | Reached skill level 1 in Armour
  3018 | D:4      | Noticed Blork the orc
  3036 | D:4      | Noticed an ogre
  3042 | D:4      | Killed Blork the orc
  3052 | D:4      | Killed an ogre
  3052 | D:4      | Reached skill level 1 in Summonings
  3158 | D:4      | Reached XP level 6. HP: 27/32 MP: 8/16
  3320 | D:4      | Noticed a moth of wrath
  3323 | D:4      | Found a bloodstained altar of Trog.
  3698 | D:5      | Entered Level 5 of the Dungeon
  3784 | D:5      | Reached skill level 6 in Spellcasting
  3993 | D:5      | Noticed a sky beast
  4010 | D:5      | Killed a sky beast
  4057 | D:5      | Reached XP level 7. HP: 36/36 MP: 9/18
  4430 | D:5      | Found a stormy altar of Qazlal.
  4813 | D:6      | Reached skill level 7 in Spellcasting
  4813 | D:6      | Reached skill level 5 in Summonings
  4846 | D:6      | Found a sparkling altar of Nemelex Xobeh.
  5024 | D:6      | Noticed a human
  5024 | D:6      | Noticed a human
  5037 | D:6      | Killed a human
  5044 | D:6      | Killed a human
  5044 | D:6      | Reached XP level 8. HP: 41/41 MP: 3/21
  5233 | D:6      | Found a staircase to the Ecumenical Temple.
  5329 | D:6      | Offered knowledge of Searing Ray by Vehumet.
  5716 | D:7      | Reached skill level 8 in Spellcasting
  5806 | D:7      | Reached *** piety under Vehumet
  5808 | D:7      | Noticed Joseph
  5875 | D:7      | Shot with a sling bullet by Joseph

Vault maps used:
D:1:      lemuel_arrival_behind_the_door_large
D:2:      lemuel_doored_altar, first_bread
D:3:      kb_forest_paths, bh_chokoban, kennysheep_generic_room_6, uniq_robin
D:4:      tgw_trog, uniq_blork_the_orc
D:5:      nicolae_overflow_hidden_temple, marbit_many_paths, minivault_14,
          hangedman_decor_lopped
D:6:      nemelex_xobeh_ov_fountains_minmay, minmay_temple_entry_statues,
          minmay_ruffians
D:7:      uniq_joseph

Skill      XL: |  1  2  3  4  5  6  7  8 |
---------------+-------------------------+-----
Spellcasting   | 4 5 6 7 8 |  8.1
Ice Magic      | 4 5 6 7 |  7.0
Armour         | 1 |  1.1
Summonings     | 2 3 5 6 |  6.9
Dodging        | |  2.4
Stealth        | |  2.4
Conjurations   | |  1.1

Action                   |  1- 3 |  4- 6 |  7- 9 || total
-------------------------+-------+-------+-------++-------
Melee: Unarmed           |     3 |       |       ||     3
       Short sword       |     8 |    34 |     4 ||    46
       Falchion          |       |       |     5 ||     5
 Cast: Freeze            |    57 |    89 |    31 ||   177
       Throw Frost       |    10 |    33 |    22 ||    65
       Summon Ice Beast  |       |     9 |    22 ||    31
       Throw Icicle      |       |     1 |     5 ||     6
  Use: Scroll            |       |    11 |     1 ||    12
 Stab: Sleeping          |     1 |       |       ||     1
  Eat: Chunk             |     1 |     6 |     6 ||    13
       Bread ration      |       |     1 |       ||     1
Armor: Robe              |    12 |    10 |     5 ||    27
       Leather armour    |       |     7 |       ||     7
Dodge: Dodged            |    28 |    64 |    27 ||   119
       Rpst.: Falchion   |       |       |     1 ||     1
